 Dungeon Crawl Stone Soup version 0.27.0-1-g7a089689b8 (webtiles) character file.

Game seed: 693194204463624676

27 canonizer the Skirmisher (level 3, -4/36 HPs)
             Began as a Gargoyle Berserker on Aug 8, 2021.
             Was a Follower of Trog.
             Slain by Sigmund (6 damage)
             ... on level 2 of the Dungeon.
             The game lasted 00:00:43 (590 turns).

canonizer the Skirmisher (Gargoyle Berserker)        Turns: 590, Time: 00:00:44

Health: -4/36      AC:  6    Str: 21    XL:     3   Next: 10%
Magic:  3/3        EV: 11    Int:  7    God:    Trog [*.....]
Gold:   6          SH:  0    Dex:  9    Spells: 2/2 levels left

rFire    . . .     SeeInvis .   a - +0 hand axe
rCold    . . .     Faith    .   (no shield)
rNeg     + . .     Spirit   .   d - +0 leather armour
rPois    ∞         Reflect  .   (no helmet)
rElec    +         Harm     .   (no cloak)
rCorr    .         Rampage  .   (no gloves)
Will     .....                  (no boots)
Stlth    ..........             (no amulet)
HPRegen  0.12/turn              (no ring)
MPRegen  0.08/turn              (no ring)

@: berserking (expiring), very quick
A: sickness immunity, AC +3, negative energy resistance 1, electricity
resistance, torment resistance 1, petrification resistance
a: Renounce Religion, Berserk


You were on level 2 of the Dungeon.
You worshipped Trog.
Trog was aware of your devotion.
You visited 1 branch of the dungeon, and saw 2 of its levels.

You collected 6 gold pieces.

Inventory:

Hand Weapons
 a - a +0 hand axe (weapon)
Armour
 d - a +0 leather armour (worn)
Scrolls
 b - a scroll of summoning {unknown}
 c - a scroll of fog {unknown}
 f - a scroll of teleportation {unknown}
Potions
 e - a potion of heal wounds {unknown}


   Skills:
 + Level 3.8 Fighting
 + Level 3.0 Axes
 + Level 2.7 Armour
 + Level 1.7 Dodging


You had 2 spell levels left.
You didn't know any spells.
Your spell library was empty.

Dungeon Overview and Level Annotations

Branches:
Dungeon (1/15)

Altars:

Annotations:
D:2 Sigmund


Innate Abilities, Weirdness & Mutations

You are immune to sickness and miasma.
Your stone body is resilient. (AC +3)
You are immune to poison.
You resist negative energy. (rN+)
You are resistant to electric shocks. (rElec)
You are resistant to unholy torment.
You are immune to petrification.


Message History

The adder bites you but does no damage. The hobgoblin barely misses you.
A ball python comes into view.
The adder bites you. The hobgoblin closely misses you. Something hits you.
A red film seems to cover your vision as you go berserk!
You feel yourself moving faster!
You feel mighty! The adder bites you but does no damage.
You miss the adder. The adder closely misses you. Something hits you!
You are too injured to fight recklessly!
You are too injured to fight recklessly!
You slash the adder!
You kill the adder!
Trog accepts your kill. Something hits you.
* * * LOW HITPOINT WARNING * * *
You have reached level 3!
Your experience leads to an increase in your attributes!
Increase (S)trength, (I)ntelligence, or (D)exterity?
You feel stronger.
Unknown command.
You slash the hobgoblin!
You kill the hobgoblin!
Trog accepts your kill. Something hits you.
* * * LOW HITPOINT WARNING * * *
The goblin hits you but does no damage.
You see here an adder corpse.
You completely miss the goblin. You closely miss something.
Something barely misses you. The goblin barely misses you.
You closely miss the goblin. You closely miss something. Something hits you.
* * * LOW HITPOINT WARNING * * *
You slash the goblin!
You kill the goblin!
Trog accepts your kill.
You closely miss something. Something hits you.
* * * LOW HITPOINT WARNING * * *
Your Axes skill increases to level 3!
You barely miss something. You slash something!
Something hits you but does no damage.
You miss something. Something hits you.
You die...

... #.#.... ..# #.#
#.##### ..#.#.#
#.##### ..#.#.#
#.##... # ... #.#
#.##.## #.
..###.####....#
#.##..#.#.....######
#..){.#.............
#@# #.#####.######
#.# #.# #.######
#.###.# #.......
#.....# ########
#######


There were no monsters in sight!

Vanquished Creatures
  An adder (D:2)
  A dart slug (D:2)
  3 ball pythons
  3 bats
  2 endoplasms
  A giant cockroach (D:2)
  A goblin (D:2)
  2 hobgoblins
  A rat (D:1)
15 creatures vanquished.

Notes
Turn   | Place    | Note
-------+----------+-------------------------------------------
     0 | D:1      | canonizer the Gargoyle Berserker began the quest for the
                  | Orb.
     0 | D:1      | Reached XP level 1. HP: 14/14 MP: 1/1
    61 | D:1      | Reached XP level 2. HP: 11/19 MP: 2/2
   195 | D:1      | You fall into a shaft and drop 1 floor!
   330 | D:2      | Found a faded altar of an unknown god.
   573 | D:2      | Noticed Sigmund
   583 | D:2      | Reached XP level 3. HP: 8/24 MP: 3/3
   590 | D:2      | Slain by Sigmund

Illustrated notes

Levels and vault maps discovered:
D:1:      elethiomel_arrival_shortcut, layout_rooms, minmay_unequal
D:2:      layout_basic, shapermc_ecumenical_altar_ellora, grunt_ministairs_1,
          uniq_sigmund

Skill      XL: |  1  2  3 |
---------------+----------+-----
Axes           | 3 |  3.0
Fighting       | |  3.8
Armour         | |  2.7
Dodging        | |  1.7

Action                   || total
-------------------------++-------
Melee: Hand axe          ||    49
Invok: Berserk           ||     1
Armor: Animal skin       ||     7
       Leather armour    ||     7
Dodge: Dodged            ||    32
